 Dungeon Crawl Stone Soup version 0.26-a0-466-g989023bd0d (webtiles) character file.

Game seed: 1929967128376222881

14 Infinimo the Magician (level 2, -3/19 HPs)
             Began as a Mummy Fire Elementalist on July 30, 2020.
             Slain by an ooze (5 damage)
             ... on level 1 of the Dungeon.
             The game lasted 00:00:31 (299 turns).

Infinimo the Magician (Mummy Fire Elementalist)      Turns: 299, Time: 00:00:31

Health: -3/19      AC:  2    Str: 11    XL:     2   Next: 31%
Magic:  0/5        EV: 12    Int: 14    God:
Gold:   6          SH:  0    Dex: 12    Spells: 5/6 levels left

rFire    x . .     SeeInvis .   d - +0 short sword
rCold    + . .     Faith    .   (no shield)
rNeg     + + +     Spirit   .   a - +0 robe
rPois    ∞         Reflect  .   (no helmet)
rElec    .         Harm     .   (no cloak)
rCorr    .                      (no gloves)
MR       .....                  (no boots)
Stlth    ++........             (no amulet)
HPRegen  0.06/turn              (no ring)
MPRegen  0.09/turn              (no ring)

@: very slightly contaminated
A: no potions, fire vulnerability, cold resistance 1, negative energy resistance
3, torment resistance, unbreathing
a: no special abilities


You were on level 1 of the Dungeon.
You visited 1 branch of the dungeon, and saw 1 of its levels.

You collected 6 gold pieces.

Inventory:

Hand Weapons
 d - a +0 short sword (weapon)
Armour
 a - a +0 robe (worn)
Jewellery
 c - an uncursed ring of fire {unknown}
 f - a +6 ring of intelligence {unknown}
Scrolls
 b - a scroll of enchant armour {unknown}
 e - a scroll of identify {unknown}


   Skills:
 - Level 1.5 Dodging
 - Level 1.5 Stealth
 + Level 2.9 Spellcasting
 * Level 1.3 Conjurations
 * Level 2.7 Fire Magic


You had 5 spell levels left.
You knew the following spells:

 Your Spells              Type           Power        Failure   Level
a - Foxfire               Conj/Fire      #...         10%         1

Your spell library contained the following spells:

 Spells                   Type           Power        Failure   Level
 Conjure Flame            Conj/Fire      #.......     28%         3
 Inner Flame              Hex/Fire       #.......     36%         3
 Sticky Flame             Conj/Fire      #.......     67%         4
 Fireball                 Conj/Fire      #.........   95%         5


Dungeon Overview and Level Annotations

Branches:
Dungeon (1/15)

Altars:


Innate Abilities, Weirdness & Mutations

You do not drink.
Your flesh is vulnerable to fire.
You are immune to poison.
Your flesh is cold resistant. (rC+)
You are immune to negative energy. (rN+++)
You are immune to unholy pain and torment.
You can survive without breathing.


Message History

Your foxfire dissipates!
The foxfire hits the kobold.
The kobold is severely wounded.
The kobold hits you.
The kobold is severely wounded.
The ooze hits you. The kobold hits you.
* * * LOW HITPOINT WARNING * * *
Casting: Foxfire (safe; 10% risk of failure)
Confirm with . or Enter, or press ? or * to list all spells.
You conjure some foxfire!
The ooze hits you.
* * * LOW HITPOINT WARNING * * *
The kobold hits you.
* * * LOW HITPOINT WARNING * * *
The foxfire hits the ooze but does no damage.
The foxfire hits the kobold.
You kill the kobold!
A kobold comes into view.
The ooze is lightly wounded.
The ooze hits you.
You die...

.##
...###############
...............J.#
....†.#.....####@#
#.#.....#
#.......K
#...†...#
#####....
##......# ... ..
#......##.#
...##..†......#
....)........###
..J###........###
.# . #.##.)##...##
.#


You could see an ooze and a kobold (asleep).

Vanquished Creatures
  A leopard gecko (D:1)
  A goblin (D:1)
  3 hobgoblins (D:1)
  2 jackals (D:1)
  A bat (D:1)
  A frilled lizard (D:1)
  2 kobolds (D:1)
  A rat (D:1)
12 creatures vanquished.

Vanquished Creatures (others)
  27 foxfires (D:1)
27 creatures vanquished.

Grand Total: 39 creatures vanquished

Notes
Turn   | Place    | Note
-------+----------+-------------------------------------------
     0 | D:1      | Infinimo the Mummy Fire Elementalist began the quest for
                  | the Orb.
     0 | D:1      | Reached XP level 1. HP: 13/13 MP: 4/4
    82 | D:1      | Reached skill level 1 in Conjurations
   259 | D:1      | Reached XP level 2. HP: 19/19 MP: 1/5
   299 | D:1      | Slain by an ooze

Illustrated notes

Levels and vault maps discovered:
D:1:      dpeg_arrival_shrine, layout_rooms

Skill      XL: |  1 |
---------------+----+-----
Conjurations   | 1 |  1.3
Dodging        | |  1.5
Stealth        | |  1.5
Spellcasting   | |  2.9
Fire Magic     | |  2.7

Action                   || total
-------------------------++-------
Melee: Short sword       ||    15
 Cast: Foxfire           ||    21
Armor: Robe              ||     5
Dodge: Dodged            ||    12

Table legend: (Time is in decaauts)
 A = Elapsed time spent in this place.
 B = Non-inter-level travel time spent in this place.
 C = Inter-level travel time spent in this place.
 D = Time resting spent in this place.
 E = Time spent auto-exploring this place.
 F = Levels seen in this place.
 G = Mean time per level.
                   A        B        C        D        E       F      G
               +--------+--------+--------+--------+--------+-----+--------+
         Total |    300 |    300 |      0 |      0 |    216 |   1 |  300.0 |
       Dungeon |    300 |    300 |      0 |      0 |    216 |   1 |  300.0 |
               +--------+--------+--------+--------+--------+-----+--------+

Top non-repeatable levels by time:
     D:1: 300 daAuts
